 Dungeon Crawl Stone Soup version 0.25-a0-185-g6cfeca75b2 (webtiles) character file.

Game seed: 3632106734317055575, levelgen mode: deterministic

870 MisterFreud the Jinx (level 7, -2/34 HPs)
             Began as a Felid Enchanter on Nov 27, 2019.
             Was a Follower of Uskayaw.
             Slain by a centaur skeleton (7 damage)
             ... on level 5 of the Dungeon.
             The game lasted 00:19:21 (7945 turns).

MisterFreud the Jinx (Felid Enchanter)              Turns: 7945, Time: 00:19:22

Health: -2/34      AC:  2    Str:  4    XL:     7   Next: 73%
Magic:  8/15       EV: 22    Int: 18    God:    Uskayaw [*.....]
Gold:   255        SH:  0    Dex: 17    Spells: 9/15 levels left
                                        Lives:  0   Deaths: 2

rFire    . . .     SeeInvis +     - Unarmed
rCold    . . .     Gourm    .   (shield unavailable)
rNeg     . . .     Faith    .   (armour unavailable)
rPois    .         Spirit   .   (helmet unavailable)
rElec    .         Reflect  .   (cloak unavailable)
rCorr    .         Harm     .   (gloves unavailable)
MR       +....                  (boots unavailable)
Stlth    ++++......             (no amulet)
HPRegen  0.11/turn              d - ring of stealth
MPRegen  0.14/turn              (no ring)

@: quick
A: very small, no armour, no weapons or thrown items, stealth, claws 1, fangs 3,
see invisible, carnivore, speed 1, shaggy fur 2, slow metabolism 1, sharp paws
a: Stomp, Renounce Religion


You were on level 5 of the Dungeon.
You worshipped Uskayaw.
Uskayaw was noncommittal.
You were very full.

You visited 2 branches of the dungeon, and saw 6 of its levels.
You also visited: Sewer.

You collected 255 gold pieces.

Inventory:

Jewellery
 d - a ring of stealth (left paw)
Wands
 a - a wand of random effects (34)
 f - a wand of polymorph (10)
 j - a wand of enslavement (3)
 k - a wand of iceblast (11)
Scrolls
 l - 3 scrolls of identify
 n - 2 scrolls of remove curse
Potions
 c - 2 potions of curing
 e - a potion of mutation
 g - a potion of brilliance
 h - 3 potions of lignification
 i - a potion of might
 m - a potion of heal wounds
 p - a potion of ambrosia
Comestibles
 b - 7 rations


   Skills:
 - Level 6.0 Fighting
 - Level 6.3 Dodging
 - Level 4.0 Stealth
 - Level 3.0 Unarmed Combat
 + Level 4.7 Spellcasting
 - Level 8.1 Hexes


You had 9 spell levels left.
You knew the following spells:

 Your Spells              Type           Power        Failure   Level  Hunger
a - Corona                Hex            ####...      1%          1    None
b - Ensorcelled Hibernat  Hex/Ice        ###...       3%          2    #......
c - Confuse               Hex            ####....     1%          3    ###....

Your spell library contained the following spells:

 Spells                   Type           Power        Failure   Level  Hunger
 Tukima's Dance           Hex            ####....     1%          3    ###....
 Dazzling Spray           Conj/Hex       ###...       8%          3    ###....
 Apportation              Tloc           #.....       14%         1    None
 Summon Butterflies       Summ           #.......     14%         1    None
 Lesser Beckoning         Tloc           #.........   38%         3    ###....
 Invisibility             Hex            ####....     58%         6    #######
 Alistair's Intoxication  Tmut/Pois      #.......     98%         5    ######.


Dungeon Overview and Level Annotations

Branches:
Dungeon (5/15)             Temple (1/1) D:4           Sewer (visited)

Altars:
Cheibriados
Hepliaklqana
Makhleb
Ru
Sif Muna
Uskayaw
Vehumet
Wu Jian
Xom
Yredelemnul
Zin

Annotations:
D:3 Pikel


Innate Abilities, Weirdness & Mutations

You cannot wear armour.
You are incapable of wielding weapons or throwing items.
Your paws allow you to move quietly. (Stealth)
You have sharp claws.
You have razor-sharp teeth.
You have supernaturally acute eyesight. (SInv)
You are carnivorous and can eat meat at any time.
You cover ground quickly.
You are covered in thick fur. (AC +2)
You have a slow metabolism.
Your sharp claws are effective at attacking unaware monsters.


Message History

The sky beast hits you.
* * * LOW HITPOINT WARNING * * *
The sky beast shocks you.
* * * LOW HITPOINT WARNING * * *
You scratch the sky beast but do no damage.
You bite the sky beast.
The sky beast is almost dead.
The sky beast hits you but does no damage.
You scratch the sky beast.
You kill the sky beast!
Training target 8.0 for Hexes reached!
Your Hexes skill increases to level 8!
Casting: Ensorcelled Hibernation (safe; 3% risk of failure)
Confirm with . or Enter, or press ? or * to list all spells.
Aiming: Confuse (safe; 1% risk of failure)
Press: ? - help, Shift-Dir - straight line, f - centaur skeleton
Aim: a centaur skeleton (moderately damaged, chance to defeat MR: 73%)
The centaur skeleton struggles to resist.
The centaur skeleton hits you!
You die...

#.# #.# #.# ### #####.#
... ..# #.....# #.# #.#
#.##### #.# #.# #.#
#.####.####.# ####
###.##........## #...
##...##.#.###...## #.##
#....Z@.#.##.....###.#
##.######.#.......##.##
#.# #..........#.## #†#
.............##
........#
#.............##
####.....
...#.......#...#
###..## .###..._.#.....
#..# ##...#...... #..#
##.###.....


You could see a centaur skeleton.

Vanquished Creatures
  Sigmund (D:2)
  An ice beast (D:4)
  A slave (D:4)
  2 phantoms
  A sky beast (D:5)
  A centaur (D:5)
  2 bullfrogs
  A scorpion (D:5)
  A jelly (D:5)
  A hound (D:4)
  Crazy Yiuf (D:2)
  An orc priest (D:3)
  An orc wizard (D:3)
  Ijyb (D:3)
  Terence (D:3)
  An iguana (D:5)
  2 worker ants (D:5)
  A hound skeleton (D:4)
  Robin (D:3)
  A worker ant zombie (D:5)
  16 adders
  3 gnolls (D:3)
  A shadow imp (D:5)
  11 oozes
  2 worms
  2 dart slugs
  14 leopard geckos
  9 orcs
  15 giant cockroaches
  15 goblins
  12 hobgoblins
  5 jackals
  4 quokkas
  6 ball pythons (Sewer)
  11 bats
  11 frilled lizards
  7 kobolds
  5 rats
172 creatures vanquished.

Vanquished Creatures (others)
  A kobold (D:3)
1 creature vanquished.

Grand Total: 173 creatures vanquished

Notes
Turn   | Place    | Note
-------+----------+-------------------------------------------
     0 | D:1      | MisterFreud the Felid Enchanter began the quest for the
                  | Orb.
     0 | D:1      | Reached XP level 1. HP: 7/7 MP: 4/4
   122 | D:1      | Reached skill level 1 in Fighting
   212 | D:1      | Reached XP level 2. HP: 13/13 MP: 6/6
  1324 | D:2      | Reached XP level 3. HP: 16/16 MP: 7/7
  1444 | D:2      | Learned a level 2 spell: Ensorcelled Hibernation
  1448 | D:2      | Learned a level 3 spell: Confuse
  1757 | D:2      | Reached XP level 4. HP: 19/22 MP: 3/8
  1760 | D:2      | Noticed Sigmund
  1954 | D:2      | Killed Sigmund
  1954 | D:2      | Reached skill level 5 in Fighting
  1954 | D:2      | Reached XP level 5. HP: 22/27 MP: 0/9
  2247 | D:2      | Found a runed translucent door.
  2248 | D:2      | Noticed Crazy Yiuf
  2262 | D:2      | Killed Crazy Yiuf
  2262 | D:2      | Gained mutation: You are covered in thick fur. (AC +2)
                  | [Felid growth]
  2262 | D:2      | Reached XP level 6. HP: 31/31 MP: 5/10
  2304 | D:3      | Noticed Ijyb
  2650 | D:3      | Killed Ijyb
  2729 | D:3      | Found a sacrificial altar of Ru.
  3267 | D:3      | Found a burning altar of Makhleb.
  3647 | D:3      | Noticed Robin
  3700 | D:4      | Found a glowing drain.
  3753 | Sewer    | Entered a sewer
  4509 | Sewer    | Reached XP level 7. HP: 34/34 MP: 11/11
  4796 | Sewer    | Reached skill level 5 in Dodging
  5225 | D:3      | Slain by an orc priest
  5226 | D:3      | Reached XP level 6. HP: -5/31 MP: 3/10
  5245 | D:3      | Noticed Terence
  5257 | D:3      | Killed Terence
  5350 | D:3      | Killed Robin
  5479 | D:3      | Reached skill level 5 in Hexes
  5637 | D:4      | Noticed a slave
  5638 | D:4      | Noticed a slave
  5639 | D:4      | Noticed Pikel
  5639 | D:4      | Noticed a slave
  5640 | D:4      | Noticed a slave
  5836 | D:4      | Killed a slave
  6149 | D:4      | Noticed a sky beast
  6186 | D:4      | Reached XP level 7. HP: 29/34 MP: 7/12
  6242 | D:4      | Mangled by an ice beast
  6243 | D:4      | Reached XP level 6. HP: -10/31 MP: 10/11
  6271 | D:4      | Killed an ice beast
  6271 | D:4      | Reached skill level 6 in Hexes
  6522 | D:4      | Found a staircase to the Ecumenical Temple.
  6538 | Temple   | Entered the Ecumenical Temple
  6574 | Temple   | Became a worshipper of Uskayaw the Reveler
  6793 | D:5      | Entered Level 5 of the Dungeon
  6798 | D:5      | Reached * piety under Uskayaw
  6845 | D:5      | Reached ** piety under Uskayaw
  6896 | D:5      | Found an ornate altar of the Wu Jian Council.
  7006 | D:5      | Found a snail-covered altar of Cheibriados.
  7018 | D:5      | Reached XP level 7. HP: 19/34 MP: 0/13
  7430 | D:5      | Reached skill level 7 in Hexes
  7544 | D:5      | HP: 1/34 [acid (7)]
  7944 | D:5      | Reached skill level 8 in Hexes
  7945 | D:5      | Slain by a centaur skeleton

Levels and vault maps discovered:
D:1:      ncdulo_smallfort, layout_loops_ring
D:2:      layout_rooms, grunt_ministairs_11, minmay_misc_feat_tiny,
          minmay_ruptured, uniq_sigmund, uniq_crazy_yiuf_cottage
D:3:      layout_rooms, old_standard_altar, lemuel_round_altar, first_ration,
          uniq_ijyb, uniq_robin, uniq_terence
D:4:      layout_basic, minmay_temple_entry_large_hall, gup_sewer_entry_glass,
          lightli_corner_chamber, uniq_pikel
D:5:      cheibrodos_helix_gallery, layout_loops_ring,
          overflow_temple_1_default, lemuel_doored_altar
Temple:   cyrus_temple_forest

Skill      XL: |  1  2  3  4  5  6  7 |
---------------+----------------------+-----
Fighting       | 1 2 3 5 6 |  6.0
Dodging        | 4 6 |  6.3
Unarmed Combat | 2 3 |  3.0
Hexes          | 6 8 |  8.1
Spellcasting   | 3 4 |  4.7
Stealth        | |  4.0

Action                   |  1- 3 |  4- 6 |  7- 9 || total
-------------------------+-------+-------+-------++-------
Melee: Unarmed           |   127 |   440 |   185 ||   752
       Bite              |    10 |    35 |    22 ||    67
       Punch             |     1 |     3 |     1 ||     5
 Cast: Ensorcelled Hiber |     2 |    47 |    22 ||    71
       Corona            |     1 |       |       ||     1
       Confuse           |       |    12 |     7 ||    19
Evoke: Wand              |       |     1 |     5 ||     6
  Use: Potion            |     1 |       |     1 ||     2
       Scroll            |       |    10 |     1 ||    11
 Stab: Sleeping          |    20 |    41 |    11 ||    72
       Confused          |       |     9 |     3 ||    12
       Distracted        |       |     2 |     1 ||     3
  Eat: Chunk             |     9 |    22 |     5 ||    36
Armor: Skin              |     5 |    19 |    14 ||    38
Dodge: Dodged            |   107 |   384 |   189 ||   680

Table legend:
 A = Non-vault XP
 B = Vault XP
 C = Vault XP percentage of total XP
 D = Non-vault monster count
 E = Vault monster count
 F = Vault count percentage of total count
                 A         B        C        D         E       F
            +---------+---------+-------+---------+---------+-------
      Total |    1143 |     964 |  45.8 |      93 |      78 |  45.6
            +---------+---------+-------+---------+---------+-------
        D:1 |      32 |       0 |   0.0 |      15 |       0 |   0.0
        D:2 |      72 |     287 |  79.9 |      24 |       7 |  22.6
        D:3 |     224 |     106 |  32.1 |      28 |      12 |  30.0
        D:4 |     342 |     155 |  31.2 |       9 |      10 |  52.6
        D:5 |     473 |     165 |  25.9 |      17 |       2 |  10.5
      Sewer |       0 |     251 | 100.0 |       0 |      47 | 100.0
            +---------+---------+-------+---------+---------+-------
